 Dungeon Crawl Stone Soup version 0.20-a0-611-g5ffda9c (webtiles) character file.

354 AlphabetPasta the Slasher (level 6, -2/47 HPs)
             Began as a Barachian Skald on Feb 8, 2017.
             Killed by nerve-wracking pain
             ... invoked by Grinder
              (10 damage)
             ... while paralysed by Grinder
             ... on level 5 of the Dungeon.
             The game lasted 00:19:36 (4404 turns).

AlphabetPasta the Slasher (Barachian Skald)         Turns: 4404, Time: 00:19:36

Health: -2/47      AC: 10    Str: 13    XL:     6   Next: 63%
Magic:  9/10       EV:  2    Int: 12    God:
Gold:   21         SH:  0    Dex: 11    Spells: 2/10 levels left

rFire    . . .     SeeInvis .   a - +0 scimitar
rCold    . . .     Gourm    .   b - +0 leather armour
rNeg     . . .     Faith    .   (no shield)
rPois    .         Spirit   .   (no helmet)
rElec    .         Reflect  .   w - +2 cloak
rCorr    .         Harm     .   q - +2 pair of gloves {Str+3}
MR       .....                  u - +0 pair of boots
Stlth    +.........             (no amulet)
Regen    0.2/turn               (no ring)
                                (no ring)

@: paralysed, slow
A: swims, slowness 1, strong legs 1
a: Hop


You were on level 5 of the Dungeon.
You were hungry.

You visited 1 branch of the dungeon, and saw 5 of its levels.

You collected 151 gold pieces.
You spent 130 gold pieces at shops.

Inventory:

Hand Weapons
 a - a +0 scimitar (weapon)
 p - a +0 great sword
 s - a +1 falchion
Armour
 b - a +0 leather armour (worn)
 q - a +2 pair of gloves of strength (worn)
 t - a cursed +0 leather armour
 u - a +0 pair of boots (worn)
 w - a +2 cloak (worn)
Jewellery
 k - an uncursed ring of flight {unknown}
 l - an uncursed ring of see invisible {unknown}
Wands
 x - a wand of flame (29/48)
 y - a wand of iceblast (6/15)
Scrolls
 e - 3 scrolls of recharging
Potions
 f - 2 potions of ambrosia
 g - a potion of cancellation
 h - 2 potions of agility {unknown}
 i - a potion of lignification {unknown}
 j - a potion of cure mutation {unknown}
 m - a potion of curing {unknown}
 n - 2 potions of might {unknown}
 r - a potion of heal wounds {unknown}
Books
 c - a book of Battle

   Spells                             Type                      Level
   a - Infusion                       Charms                       1
   b - Shroud of Golubria             Charms/Translocation         2
   c - Song of Slaying                Charms                       2
   d - Spectral Weapon                Hexes/Charms                 3
   e - Regeneration                   Charms/Necromancy            3
Comestibles
 d - 4 bread rations
 o - 3 meat rations
 v - 4 fruits


   Skills:
 + Level 3.2 Fighting
 * Level 4.1 Long Blades
 + Level 2.2 Armour
 * Level 3.2 Dodging
 + Level 2.6 Spellcasting
 * Level 4.1 Charms
 - Level 1.4 Translocations
 + Level 0.2 Evocations


You had 2 spell levels left.
You knew the following spells:

 Your Spells              Type           Power        Failure   Level  Hunger
a - Infusion              Chrm           ##..         8%          1    #......
b - Song of Slaying       Chrm           ##......     12%         2    ###....
c - Shroud of Golubria    Chrm/Tloc      #.........   21%         2    ###....
d - Regeneration          Chrm/Necr      #.........   45%         3    ###....


Dungeon Overview and Level Annotations

Branches:
Dungeon (5/15)
 Temple: D:4-7

Altars:
Dithmenos
Gozag
Okawaru
Ru
Xom
Yredelemnul
Zin

Shops:
D:5 %}

Annotations:
D:5 Grinder


Innate Abilities, Weirdness & Mutations

You can swim through water.
You cover ground slowly.
You can hop short distances.


Message History

Grinder is moderately wounded.
Grinder says, "Tell me all your secrets, or I'll kill you."
Grinder hits you but does no damage. Grinder closely misses you.
You closely miss Grinder.
Grinder is moderately wounded.
Grinder hits you but does no damage.
You closely miss Grinder.
Grinder is lightly wounded.
Grinder gestures at you.
You suddenly lose the ability to move!
Grinder hits you but does no damage.
You are no longer magically infusing your attacks.
Grinder hits you.
* * * LOW HITPOINT WARNING * * *
You writhe in agony.
* * * LOW HITPOINT WARNING * * *
Grinder hits you but does no damage. Grinder gestures at you.
Pain shoots through your body!
You die...

###. ...#####
##...#..
##......###
.........#
#.......#
#.......#
#..###...@5..#
#...........#
######.###### #.#
#.# #.#
##############.#
#..............#
#.####.#.##.##.##


You could see Grinder.

Vanquished Creatures
  An ogre (D:4)
  A sky beast (D:4)
  A crimson imp (D:3)
  2 adders
  An ooze (D:3)
  3 worms
  6 dart slugs
  4 leopard geckos
  2 orcs (D:3)
  2 ball pythons (D:1)
  13 bats
  4 giant cockroaches
  8 goblins
  11 hobgoblins
  4 jackals (D:3)
  7 kobolds
  2 quokkas
  8 frilled lizards
  A leopard gecko skeleton (D:4)
  A leopard gecko zombie (D:5)
  5 rats
87 creatures vanquished.

Notes
Turn   | Place    | Note
-------+----------+-------------------------------------------
     0 | D:1      | AlphabetPasta the Barachian Skald began the quest for the Orb.
     0 | D:1      | Reached XP level 1. HP: 16/16 MP: 3/3
   199 | D:1      | Reached XP level 2. HP: 9/23 MP: 5/5
   493 | D:1      | Learned a level 2 spell: Song of Slaying
   496 | D:1      | Learned a level 2 spell: Shroud of Golubria
   891 | D:1      | Reached XP level 3. HP: 25/28 MP: 6/6
  1388 | D:2      | Found an opulent altar of Gozag.
  1408 | D:2      | Reached XP level 4. HP: 33/34 MP: 4/7
  2364 | D:3      | Found a shadowy altar of Dithmenos.
  2928 | D:3      | Reached XP level 5. HP: 31/40 MP: 8/8
  3148 | D:4      | Noticed a sky beast
  3159 | D:4      | Killed a sky beast
  3159 | D:4      | Reached skill level 1 in Translocations
  3159 | D:4      | Reached XP level 6. HP: 47/47 MP: 4/9
  3258 | D:4      | Found a shimmering altar of Xom.
  3265 | D:4      | Found a shimmering altar of Xom.
  3266 | D:4      | Found a shimmering altar of Xom.
  3266 | D:4      | Found a shimmering altar of Xom.
  3288 | D:4      | Found a basalt altar of Yredelemnul.
  3577 | D:4      | Found a glowing silver altar of Zin.
  3847 | D:4      | Found an iron altar of Okawaru.
  3937 | D:4      | Found a sacrificial altar of Ru.
  4287 | D:5      | Entered Level 5 of the Dungeon
  4313 | D:5      | Learned a level 3 spell: Regeneration
  4340 | D:5      | Found Tiaxi's Food Shoppe.
  4348 | D:5      | Found Gujaik's Gadget Boutique.
  4354 | D:5      | Bought a wand of iceblast (6/15) for 130 gold pieces
  4385 | D:5      | Noticed Grinder
  4388 | D:5      | Paralysed by Grinder for 7 turns
  4400 | D:5      | Paralysed by Grinder for 7 turns
  4404 | D:5      | Killed from afar by Grinder

Vault maps used:
D:1:      tarquinn_simple_flora_water_a
D:2:      nicolae_gozag_cash_rules_everything_around_me, first_bread
D:3:      wad_pebble_path, nicolae_dithmenos_shadow_blocks
D:4:      minmay_door_path, nicolae_ru_sacrificial_ziggurat, xom_redecorated,
          zin_statuary, nicolae_overflow_crystal_walls, columned_hall_lemuel,
          kennysheep_small_circle
D:5:      kennysheep_little_box, kennysheep_mini, serial_shops,
          nicolae_shop_statue_plus, nicolae_shop_crystal, shop_statue,
          corexii_item_surrounded_by_moat, uniq_grinder

Skill      XL: |  1  2  3  4  5  6 |
---------------+-------------------+-----
Long Blades    | 3 4 |  4.1
Fighting       | 3 |  3.2
Armour         | 2 |  2.2
Dodging        | 3 |  3.2
Translocations | 1 |  1.4
Charms         | 4 |  4.1
Spellcasting   | |  2.6
Evocations     | |  0.2

Action                   |  1- 3 |  4- 6 || total
-------------------------+-------+-------++-------
Melee: Falchion          |   105 |    45 ||   150
       Scimitar          |       |   122 ||   122
 Cast: Infusion          |    20 |    18 ||    38
       Shroud of Golubri |       |     4 ||     4
       Song of Slaying   |       |     1 ||     1
  Use: Scroll            |     6 |     2 ||     8
  Eat: Chunk             |     3 |     9 ||    12
       Royal jelly       |       |     1 ||     1
Armor: Leather armour    |    28 |    67 ||    95
Dodge: Dodged            |    69 |   112 ||   181
       Rpst.: Falchion   |    24 |    11 ||    35
       Scimitar          |       |    16 ||    16
